 Dungeon Sprint DCSS version 0.25-a0-934-g041635d5d1 (webtiles) character file.

Game seed: 3613898057186458444, levelgen mode: deterministic

90 Conn the Magician (level 4, -9/27 HPs)
             Began as an Octopode Wizard on May 4, 2020.
             Killed from afar by a deep elf mage (36 damage)
             ... with a bolt of magma
             ... in the Dungeon (Sprint III: "The Ten Rune Challenge").
             The game lasted 00:09:16 (412 turns).

Conn the Magician (Octopode Wizard)                  Turns: 412, Time: 00:09:46

Health: -9/27      AC:  1    Str:  6    XL:     4   Next: 56%
Magic:  4/12       EV: 14    Int: 21    God:
Gold:   31         SH:  0    Dex: 10    Spells: 5/16 levels left

rFire    . . .     SeeInvis .   e - +3 quarterstaff (chaos)
rCold    . . .     Gourm    .   (shield currently unavailable)
rNeg     . . .     Faith    .   a - +0 hat
rPois    .         Spirit   .   (no amulet)
rElec    .         Reflect  .   (no ring)
rCorr    .         Harm     .   (no ring)
MR       .....     NoTele   +   (no ring)
Stlth    +++.......             (no ring)
HPRegen  0.09/turn              (no ring)
MPRegen  0.13/turn              (no ring)
                                (no ring)
                                (no ring)

@: flying
A: almost no armour, stealthy swim, amphibious, 8 rings, constrict 8, camouflage
1, gelatinous body 1
a: no special abilities


You were in the Dungeon.
You were not hungry.

You visited 1 branch You collected 31 gold pieces.

Inventory:

Hand Weapons
 e - a +3 quarterstaff of chaos (weapon)
Armour
 a - a +0 hat (worn)
Scrolls
 f - 2 scrolls of immolation {unknown}
 i - a scroll of blinking
 j - a scroll of amnesia {unknown}
 k - 3 scrolls of remove curse
 m - a scroll of identify {unknown}
Potions
 b - 5 potions of mutation
 d - a potion of curing
 h - a potion of berserk rage
 n - a potion of heal wounds
Comestibles
 c - 3 rations


   Skills:
 + Level 3.1 Dodging
 + Level 4.1 Stealth
 + Level 6.5 Spellcasting
 * Level 2.8 Conjurations
 + Level 2.0 Summonings
 * Level 2.3 Translocations
 * Level 1.1 Fire Magic
 * Level 1.2 Air Magic


You had 5 spell levels left.
You knew the following spells:

 Your Spells              Type           Power        Failure   Level  Hunger
a - Magic Dart            Conj           ###.         3%          1    None
b - Blink                 Tloc           N/A          5%          2    None
c - Call Imp              Summ           ###.....     6%          2    None
d - Conjure Flame         Conj/Fire      ###.....     12%         3    #......
e - Mephitic Cloud        Conj/Pois/Air  ##......     16%         3    #......

Your spell library contained the following spells:

 Spells                   Type           Power        Failure   Level  Hunger
 Slow                     Hex            #.......     14%         2    None


Dungeon Overview and Level Annotations

Branches:
Dungeon (1/1)

Altars:
Elyvilon
Zin
The Shining One


Innate Abilities, Weirdness & Mutations

You cannot wear most types of armour.
You are very stealthy in the water. (Stealth+)
You are amphibious.
You can wear up to eight rings at the same time.
You can use your tentacles to constrict eight enemies at once.
Your skin changes colour to match your surroundings (Stealth+).
Your rubbery body absorbs attacks. (AC +1, EV +1)


Message History

Unknown command.
What are your orders? t - Shout!
Orders for allies: a - Attack new target. p - Attack previous target. r - Retreat! s - Stop attacking. g - Guard the area. f - Follow me.
Anything else - Cancel.
Guard this area!
Your iron imp hits the deep elf mage!
Casting: Call Imp (safe; 6% risk of failure)
Confirm with . or Enter, or press ? or * to list all spells.
Aiming: Magic Dart (safe; 3% risk of failure)
Press: ? - help, Shift-Dir - straight line, f/p - deep elf mage
Aim: a deep elf mage, wielding a +1 long sword of holy wrath (severely wounded, confused)
The magic dart hits the deep elf mage.
The deep elf mage is almost dead.
The deep elf mage seems less confused.
The deep elf mage gestures at you while chanting.
The bolt of magma hits you!!!
Ouch! That really hurt!
You die...

▓▓▓▓▓▓▓ ▓▓▓ .'....♣♣♣
♣.##### .#......♣ ♣.#___#
##....♣.♣ ♣.#!e5#
.#....≈♣♣♣♣♣.###'#+###+##
÷#...≈≈♣..♣♣.#..........#
.#..≈≈≈≈♣♣♣♣.'.⌠@.......#
'#..≈≈≈≈≈≈...#...######+#
.#.≈≈≈≈≈≈....#.⌠.#
.#.≈≈≈≈≈.....#...#
.#.≈≈≈.......#+###
##...........#
.............#
▓▓▓▓▓▓▓▓▓▓▓▓▓▓


You could see a deep elf mage and a friendly iron imp.

Vanquished Creatures
  Jessica (D)
  2 rats (D)
3 creatures vanquished.

Vanquished Creatures (collateral kills)
  A water elemental (D)
  Crazy Yiuf (D)
  A human (D)
3 creatures vanquished.

Vanquished Creatures (others)
  A draconian scorcher (D)
  6 hellions (D)
  A yaktaur (D)
  A plant (D)
9 creatures vanquished.

Grand Total: 15 creatures vanquished

Notes
Turn   | Place    | Note
-------+----------+-------------------------------------------
     0 | D        | Conn the Octopode Wizard began the quest for the Orb.
     0 | D        | Reached XP level 1. HP: 11/11 MP: 4/4
    42 | D        | Noticed Jessica
    51 | D        | Killed Jessica
    51 | D        | Reached skill level 5 in Spellcasting
    51 | D        | Reached XP level 2. HP: 17/17 MP: 3/8
    51 | D        | Reached XP level 3. HP: 21/21 MP: 3/10
   116 | D        | Killed a hellion
   117 | D        | Killed a hellion
   122 | D        | Killed a hellion
   130 | D        | Learned a level 2 spell: Blink
   133 | D        | Learned a level 2 spell: Call Imp
   137 | D        | Learned a level 3 spell: Conjure Flame
   141 | D        | Learned a level 3 spell: Mephitic Cloud
   150 | D        | Noticed Crazy Yiuf
   185 | D        | Killed Crazy Yiuf
   185 | D        | Reached skill level 6 in Spellcasting
   221 | D        | Killed a white draconian scorcher
   224 | D        | Killed a hellion
   240 | D        | Reached XP level 4. HP: 27/27 MP: 1/12
   249 | D        | Killed a hellion
   251 | D        | Killed a hellion
   283 | D        | Killed a yaktaur
   360 | D        | Noticed a water elemental
   381 | D        | Killed a water elemental
   381 | D        | Reached skill level 1 in Fire Magic
   381 | D        | Reached skill level 1 in Air Magic
   399 | D        | Found a glowing silver altar of Zin.
   401 | D        | Found a glowing golden altar of the Shining One.
   402 | D        | Found a white marble altar of Elyvilon.
   403 | D        | Noticed a deep elf mage
   412 | D        | Killed from afar by a deep elf mage

Levels and vault maps discovered:
D:        dungeon_sprint_mu [sprint_mu_entry_forest, sprint_mu_temple_rooms,
          sprint_mu_d1_spiders, sprint_mu_d2_genie, sprint_mu_d3_branching,
          sprint_mu_orc_legion, sprint_mu_elf_gauntlet, sprint_mu_hive_nellie,
          sprint_mu_lair_fedhas, sprint_mu_vaults_butterflies,
          sprint_mu_slime_circle, sprint_mu_swamp_cave, sprint_mu_shoals_kraken,
          sprint_mu_blade_basic, sprint_mu_crypt_chambers,
          sprint_mu_tomb_spiral, sprint_mu_vestibule_basic,
          sprint_mu_gehenna_hellfire, sprint_mu_dis_giant,
          sprint_mu_tartarus_statrot, sprint_mu_cocytus_islands, sprint_mu_zot1]

Skill      XL: |  1  2  3  4 |
---------------+-------------+-----
Stealth        | 3 4 |  4.1
Spellcasting   | 5 6 |  6.5
Dodging        | 3 |  3.1
Conjurations   | 2 |  2.8
Summonings     | 2 |  2.0
Translocations | 2 |  2.3
Fire Magic     | 1 |  1.1
Air Magic      | 1 |  1.2

Action                   |  1- 3 |  4- 6 || total
-------------------------+-------+-------++-------
Melee: Unarmed           |     4 |       ||     4
       Constrict         |     1 |     1 ||     2
       Quarterstaff      |       |     2 ||     2
 Cast: Magic Dart        |     7 |     4 ||    11
       Call Imp          |     9 |     4 ||    13
       Mephitic Cloud    |     1 |     2 ||     3
       Blink             |       |     2 ||     2
       Conjure Flame     |       |     1 ||     1
  Use: Potion            |     3 |     2 ||     5
 Stab: Sleeping          |     1 |       ||     1
       Confused          |       |     1 ||     1
Dodge: Dodged            |     4 |     1 ||     5

Table legend:
 A = Non-vault XP
 B = Vault XP
 C = Vault XP percentage of total XP
 D = Non-vault monster count
 E = Vault monster count
 F = Vault count percentage of total count
                 A         B        C        D         E       F
            +---------+---------+-------+---------+---------+-------
      Total |       0 |     129 | 100.0 |       0 |       6 | 100.0
            +---------+---------+-------+---------+---------+-------
          D |       0 |     129 | 100.0 |       0 |       6 | 100.0
            +---------+---------+-------+---------+---------+-------
